 Dungeon Crawl Stone Soup version 0.29.1-12-g30fa7ad0bf (webtiles) character file.

Game seed: 3235736823314177478

61 hawla the Chiller (level 4, -3/36 HPs)
             Began as a Meteoran Ice Elementalist on Jan 14, 2023.
             Slain by Menkaure (12 damage)
             ... on level 4 of the Dungeon.
             The game lasted 00:04:36 (508 turns).

hawla the Chiller (Meteoran Ice Elementalist)        Turns: 508, Time: 00:04:37

Health: -3/36      AC:  5    Str: 10    XL:     4   Next: 51%
Magic:  6/10       EV: 15    Int: 18    God:
Gold:   46         SH:  2    Dex: 14    Spells: 6/10 levels left

rFire   . . .      SeeInvis .   (no weapon)
rCold   . . .      Faith    .   (no shield)
rNeg    . . .      Spirit   .   a - +0 robe
rPois   .          Reflect  .   (no helmet)
rElec   .          Harm     .   (no cloak)
rCorr   .          Rampage  .   k - +0 pair of gloves
Will    .....                   (no boots)
Stlth   +.........              c - amulet of magic regeneration
HPRegen 0.12/turn               g - ring of the Octopus King {Fly HP+2 AC+2 EV+2 SH+2}
MPRegen 0.52/turn               (no ring)

@: freezing walls, flying, glowing
A: sense surroundings 1, otherworldly, glowing, explore regen
a: no special abilities


You were on level 4 of the Dungeon.
You visited 1 branch of the dungeon, and saw 4 of its levels.

You collected 46 gold pieces.

Inventory:

Armour
 a - a +0 robe (worn)
 k - a +0 pair of gloves (worn)
Jewellery
 c - an amulet of magic regeneration (around neck)
 g - a ring of the Octopus King (left hand) {Fly HP+2 AC+2 EV+2 SH+2}
   (You found it on level 2 of the Dungeon)

   [ring of flight]

   AC:        It affects your AC (+2).
   EV:        It affects your evasion (+2).
   HP:        It affects your health (+2).
   Fly:       It grants you flight.
   SH:        It affects your SH (+2).
Potions
 e - a potion of cancellation
 h - a potion of heal wounds


   Skills:
 + Level 0.4 Fighting
 + Level 3.1 Dodging
 - Level 1.4 Stealth
 + Level 3.5 Spellcasting
 + Level 5.2 Ice Magic


You had 6 spell levels left.
You knew the following spells:

 Your Spells              Type           Power      Damage    Failure   Level
a - Freeze                Ice            88%        1d10      1%          1
b - Frozen Ramparts       Ice            44%        1d7       5%          3

Your spell library contained the following spells:

 Spells                   Type           Power      Damage    Failure   Level
 Ozocubu's Armour         Ice            22%        N/A       5%          3
 Hailstorm                Conj/Ice       12%        3d5       45%         4


Dungeon Overview and Level Annotations

Branches:
Dungeon (4/15) Zot: 1892
 Temple: D:4-7

Altars:
Gozag

Shops:
D:2 :

Annotations:
D:3 Grinder
D:4 Ijyb, Menkaure


Innate Abilities, Weirdness & Mutations

You passively map a small area around you.
You are easily found by Zot.
You glow in the dark.
You regain HP and MP as you explore.


Message History

The wall freezes the orc priest!
You kill the orc priest!
The wall freezes the orc.
You have reached level 4!
Casting: Freeze (safe; 1% risk of failure)
Confirm with . or Enter, or press ? or * to list all spells.
Aiming: Freeze (safe; 1% risk of failure)
Press: ? - help, Shift-Dir - straight line, f - orc
Aim: an orc, wielding a +0 flail, wearing a +0 scale mail and quivering stones (severely wounded)
You freeze the orc!
You kill the orc!
Menkaure, Prince of Dust comes into view.
The wall freezes the orc.
Menkaure gestures wildly while chanting.
Menkaure seems to speed up.
Casting: Freeze (safe; 1% risk of failure)
Confirm with . or Enter, or press ? or * to list all spells.
Aiming: Freeze (safe; 1% risk of failure)
Press: ? - help, Shift-Dir - straight line, f - orc
Aim: an orc, wielding a +0 hand axe (almost dead)
You freeze the orc!
You kill the orc!
Menkaure calls on the powers of darkness!
Your body is wracked with pain!
You aren't carrying any items that you can evoke.
Unknown command.
Your frozen ramparts will break if you move.
Continue?
Okay, then.
Menkaure points at you and mumbles some strange words.
Pain shoots through your body!
* * * LOW HITPOINT WARNING * * *
The frozen ramparts melt away.
Casting: Freeze (safe; 1% risk of failure)
Confirm with . or Enter, or press ? or * to list all spells.
Casting: Frozen Ramparts (dangerous; 5% risk of failure)
Press: ? - help, Dir - look around, f - activate The walls around you are covered in ice.
The wall freezes Menkaure but does no damage. x2
Menkaure hits you!
You die...

* , **
... .#
*#.# ..
,
###.###.
* , ,
......,
* *#....
, * *?..
* * *#M#
, #@# ,
, #.# ,
, ** #.#
, #.# *,
,, , #.#
*, , , ,
#.# *
#.######
,
#......#
, *
######.#
*, ..##


You could see Menkaure (fast).

Vanquished Creatures
  An orc priest (D:4)
  A dart slug (D:1)
  3 orcs (D:4)
  3 endoplasms (D:1)
  2 hobgoblins (D:1)
  A jackal (D:1)
  3 kobolds
  A quokka (D:2)
  4 ball pythons
  A bat (D:1)
  4 goblins
  A rat (D:1)
25 creatures vanquished.

Vanquished Creatures (others)
  4 plants (D:4)
4 creatures vanquished.

Grand Total: 29 creatures vanquished

Notes
Turn   | Place    | Note
-------+----------+-------------------------------------------
     0 | D:1      | hawla the Meteoran Ice Elementalist began the quest for the
                  | Orb.
     0 | D:1      | Reached XP level 1. HP: 14/14 MP: 5/5
    77 | D:1      | Reached XP level 2. HP: 17/20 MP: 2/6
   128 | D:1      | HP: 1/20 [jackal (2)]
   220 | D:1      | Reached XP level 3. HP: 25/26 MP: 5/8
   226 | D:2      | Found Qeithrao's Book Shoppe.
   240 | D:2      | Found the ring of the Octopus King
   248 | D:2      | Identified a ring of the Octopus King {Fly HP+2 AC+2 EV+2
                  | SH+2}
   270 | D:3      | Found an opulent altar of Gozag.
   270 | D:3      | Found an opulent altar of Gozag.
   308 | D:3      | Found an opulent altar of Gozag.
   311 | D:3      | Found an opulent altar of Gozag.
   435 | D:4      | Noticed Grinder
   462 | D:4      | Noticed Ijyb
   464 | D:4      | Paralysed by Grinder for 5 turns
   479 | D:4      | Learned a level 3 spell: Frozen Ramparts
   499 | D:4      | Reached skill level 5 in Ice Magic
   500 | D:4      | Reached XP level 4. HP: 21/34 MP: 6/10
   500 | D:4      | Noticed Menkaure
   508 | D:4      | Slain by Menkaure

Illustrated notes

Levels and vault maps discovered:
D:1:      elethiomel_arrival_maze, layout_basic, serial_glass, glass_columns_b,
          glass_columns_a, serial_shops, shop, nicolae_ecumenical_lake_church,
          minmay_small_reverse_x
D:2:      layout_rooms, serial_shops, shop, shop, nicolae_shop_trees,
          uniq_robin, uniq_jessica
D:3:      layout_rooms, nicolae_gozag_conspicuous_consumption, serial_undead,
          serial_undead_b, serial_undead_a, serial_undead_c, serial_undead_c,
          serial_undead_d, interstate_on_off, grunt_decor_fettered,
          minmay_pentangle, uniq_natasha
D:4:      corexii_shack_village, layout_loops_ring, trog_wizard,
          lightli_ossuary_entry_decrepit_ruins, uniq_blork_the_orc,
          uniq_menkaure, uniq_grinder, uniq_ijyb

Skill      XL: |  1  2  3 |
---------------+----------+-----
Dodging        | 3 |  3.1
Spellcasting   | 3 |  3.5
Ice Magic      | 5 |  5.2
Fighting       | |  0.4
Stealth        | |  1.4

Action                   |  1- 3 |  4- 6 || total
-------------------------+-------+-------++-------
Melee: Unarmed           |    11 |       ||    11
 Cast: Freeze            |    33 |     2 ||    35
       Frozen Ramparts   |     1 |     1 ||     2
  Use: Potion            |     2 |       ||     2
       Scroll            |     7 |       ||     7
Armor: Robe              |    12 |       ||    12
Dodge: Dodged            |    29 |       ||    29
Block: Other             |     1 |       ||     1
